 Dungeon Crawl Stone Soup version 0.20.1-1-g8b1a95d (webtiles) character file.

329 Tr0llz0r the Firebug (level 6, -7/48 HPs)
             Began as a Draconian Fire Elementalist on Aug 25, 2017.
             Mangled by an ogre
             ... wielding a +0 giant spiked club
              (15 damage)
             ... on level 4 of the Dungeon.
             The game lasted 00:26:23 (3392 turns).

Tr0llz0r the Firebug (Draconian Fire Elementalist)  Turns: 3392, Time: 00:26:24

Health: -7/48      AC:  6    Str: 10    XL:     6   Next: 25%
Magic:  5/10       EV: 13    Int: 17    God:
Gold:   222        SH:  0    Dex: 16    Spells: 2/11 levels left

rFire    . . .     SeeInvis .   d - +4 mace (protect)
rCold    . . .     Gourm    .   (no shield)
rNeg     . . .     Faith    .   (armour unavailable)
rPois    .         Spirit   .   (helmet restricted)
rElec    .         Reflect  .   (no cloak)
rCorr    .         Harm     .   (no gloves)
MR       .....                  (no boots)
Stlth    ++........             h - amulet of regeneration
Regen    0.6/turn               (no ring)
MPRegen  0.2/turn               r - +4 ring of dexterity

@: no status effects
A: unfitting armour, cold-blooded, AC +6
a: no special abilities


You were on level 4 of the Dungeon.
You were full.

You visited 1 branch of the dungeon, and saw 4 of its levels.

You collected 222 gold pieces.

Inventory:

Hand Weapons
 d - a +4 mace of protection (weapon)
 f - a +1 dagger of venom
 n - a cursed -3 whip
 t - a +1 dagger of speed
 y - a +0 dagger of protection
 D - a +1 vampiric falchion
Missiles
 q - 3 javelins (quivered)
Jewellery
 h - an amulet of regeneration (around neck)
 p - an uncursed ring of teleportation
 r - a +4 ring of dexterity (right hand)
Wands
 C - a wand of flame (17/48)
Scrolls
 e - 2 scrolls of identify
 s - a scroll of remove curse
 u - a scroll of magic mapping {unknown}
 v - a scroll of blinking {unknown}
 w - a scroll of fear {unknown}
 x - 2 scrolls of amnesia {unknown}
Potions
 c - a potion of heal wounds
 g - 2 potions of mutation {unknown}
 i - a potion of lignification {unknown}
 j - 2 potions of cancellation {unknown}
 l - a potion of flight {unknown}
 m - 5 potions of curing {unknown}
 o - 2 potions of haste {unknown}
 z - a potion of might {unknown}
 B - a potion of brilliance {unknown}
Books
 a - a book of Flames

   Spells                             Type                      Level
   a - Flame Tongue                   Conjuration/Fire             1
   b - Throw Flame                    Conjuration/Fire             2
   c - Conjure Flame                  Conjuration/Fire             3
   d - Inner Flame                    Hexes/Fire                   3
   e - Sticky Flame                   Conjuration/Fire             4
   f - Fireball                       Conjuration/Fire             5
Comestibles
 b - 4 bread rations
 k - a meat ration
 A - 2 royal jellies


   Skills:
 + Level 1.9 Fighting
 + Level 2.9 Maces & Flails
 + Level 2.8 Dodging
 + Level 2.1 Stealth
 + Level 3.1 Spellcasting
 + Level 2.0 Conjurations
 * Level 4.0 Fire Magic


You had 2 spell levels left.
You knew the following spells:

 Your Spells              Type           Power        Failure   Level  Hunger
a - Flame Tongue          Conj/Fire      ##...        4%          1    None
b - Throw Flame           Conj/Fire      ##....       8%          2    ##.....
c - Conjure Flame         Conj/Fire      ##......     16%         3    ###....
d - Inner Flame           Hex/Fire       #.......     22%         3    ###....


Dungeon Overview and Level Annotations

Branches:
Dungeon (4/15)
 Temple: D:4-7

Altars:
Gozag


Innate Abilities, Weirdness & Mutations

Your plain brown scales are hard. (AC +6)
You cannot fit into any form of body armour.
You are cold-blooded and may be slowed by cold attacks.


Message History

Casting: Throw Flame
Confirm with . or Enter, or press ? or * to list all spells.
Aiming: Conjure Flame
Press: ? - help, Dir - move target cursor, f - ogre
Aim: an ogre, wielding a giant spiked club You can't place the cloud on a creature.
There isn't anything here!
Casting: Conjure Flame
Confirm with . or Enter, or press ? or * to list all spells.
Aiming: Inner Flame
Press: ? - help, Shift-Dir - straight line, f/p - ogre
Aim: an ogre, wielding a giant spiked club (chance to defeat MR: 56%)
The ogre is filled with an inner flame.
The ogre hits you with a giant spiked club!!
The ogre hits you with a giant spiked club!!
Ouch! That really hurt!
* * * LOW HITPOINT WARNING * * *
The ogre barely misses you.
The ogre hits you with a giant spiked club!
You die...

#..........# ###....#.#..#
#..........# ####...##.......
##........## #......###...#..
#.....†....# #.#....####.....
#..........###...............
#..........##....##.#####....
#..........##.#####.# #....
#..........##O# #.# #....
##........##@.# #.# #....
##......###.## #.# ##...
######..##.# #.# #... #.....#
#.# #... #.....# #># #...
#.....# #.# #### #.....# #.#
###. #.....# #... #.....#
##...


You could see an ogre (inner flame).

Vanquished Creatures
  A crimson imp (D:4)
  A hound (D:4)
  An orc wizard (D:4)
  2 worker ants (D:4)
  10 gnolls
  3 adders
  An ooze (D:3)
  2 worms
  A dart slug (D:2)
  3 leopard geckos
  3 orcs (D:4)
  3 giant cockroaches
  3 goblins
  4 hobgoblins
  A quokka (D:3)
  A ball python (D:2)
  7 bats
  6 frilled lizards
  6 kobolds
  5 rats
64 creatures vanquished.

Vanquished Creatures (others)
  A hobgoblin (D:2)
1 creature vanquished.

Grand Total: 65 creatures vanquished

Notes
Turn   | Place    | Note
-------+----------+-------------------------------------------
     0 | D:1      | Tr0llz0r the Draconian Fire Elementalist began the quest for the Orb.
     0 | D:1      | Reached XP level 1. HP: 14/14 MP: 3/3
   317 | D:1      | Reached XP level 2. HP: 9/20 MP: 3/5
  1030 | D:2      | Reached XP level 3. HP: 27/27 MP: 4/6
  1124 | D:2      | Reached skill level 1 in Maces & Flails
  1148 | D:2      | Reached skill level 1 in Fighting
  1155 | D:2      | Reached XP level 4. HP: 23/35 MP: 1/7
  2416 | D:3      | Reached skill level 4 in Fire Magic
  2417 | D:3      | Found an opulent altar of Gozag.
  2760 | D:3      | Reached XP level 5. HP: 40/40 MP: 5/9
  2979 | D:4      | Noticed an ogre
  3126 | D:4      | Reached XP level 6. HP: 40/48 MP: 0/10
  3304 | D:4      | Learned a level 2 spell: Throw Flame
  3308 | D:4      | Learned a level 3 spell: Conjure Flame
  3312 | D:4      | Learned a level 3 spell: Inner Flame
  3392 | D:4      | Mangled by an ogre

Skill      XL: |  1  2  3  4  5  6 |
---------------+-------------------+-----
Maces & Flails | 1 2 |  2.9
Fighting       | 1 |  1.9
Dodging        | 2 |  2.8
Fire Magic     | 4 |  4.0
Spellcasting   | 3 |  3.1
Stealth        | 2 |  2.1
Conjurations   | 2 |  2.0

Action                   |  1- 3 |  4- 6 || total
-------------------------+-------+-------++-------
Melee: Mace              |    54 |    84 ||   138
       Tailslap          |     6 |    14 ||    20
 Cast: Flame Tongue      |    26 |    49 ||    75
       Throw Flame       |       |     3 ||     3
       Inner Flame       |       |     1 ||     1
  Use: Scroll            |       |     6 ||     6
       Potion            |       |     1 ||     1
 Stab: Sleeping          |       |     1 ||     1
  Eat: Bread ration      |     1 |     2 ||     3
Armor: Skin              |    19 |    55 ||    74
Dodge: Dodged            |    44 |   107 ||   151
